[Event "fics rated crazyhouse match"]
[Site "fics, Oklahoma City, OK USA"]
[Date "2000.02.20"]
[White "Thufir"]
[WhiteElo "2349"]
[Black "Gobi"]
[BlackElo "2331"]
[TimeControl "60+0"]
[Result "0-1"]

1. e4 e6 2. d4 Nf6 3. e5 Nd5 4. Nf3 d6 5. Be2 Nc6 6. O-O 
a6 7. c4 Nb6 8. exd6 cxd6 9. Be3 Be7 10. Nc3 P@g4 11. Ne1 h5 
12. d5 Ne5 13. f3 Nbxc4 14. fxg4 Nxe3 15. dxe6 Bxe6 16. Qd2 Nxf1 17. Bxf1 
Nxg4 18. N@h3 B@e3+ 19. Qxe3 Nxe3 20. B@d4 Nxf1 21. Kxf1 Bxh3 22. gxh3 N@f4 
23. B@f3 B@f5 24. P@e4 Bxh3+ 25. P@g2 R@h1+ 26. N@g1 P@d2 27. Nd3 Nxd3 28. Ke2 
Nf4+ 29. Kxd2 Q@d3+ 30. Kc1 P@d2+ 31. Kd1 P@c2# 
{Thufir checkmated} 0-1

[Event "fics rated crazyhouse match"]
[Site "fics, Oklahoma City, OK USA"]
[Date "2000.02.20"]
[White "Gobi"]
[WhiteElo "2339"]
[Black "Thufir"]
[BlackElo "2341"]
[TimeControl "60+0"]
[Result "0-1"]

1. e4 e6 2. d4 Nc6 3. Nc3 Nf6 4. Nf3 Bb4 5. Bd3 d5 6. e5 
Ne4 7. Bd2 Nxd2 8. Qxd2 B@g4 9. Be2 Bxf3 10. Bxf3 N@e4 11. Bxe4 dxe4 
12. N@h5 Bxc3 13. bxc3 B@h6 14. B@e3 Bxe3 15. fxe3 B@h6 16. N@f6+ gxf6 17. Nxf6+ 
Kf8 18. B@a3+ N@e7 19. Nxe4 N@d5 20. P@f6 Rg8 21. P@g7+ Ke8 22. fxe7 Qxe7 
23. Bxe7 Ncxe7 24. N@f6+ Kd8 25. Nxg8 Bxg7 26. Nxe7 Nxe7 27. B@f6 Bxf6 28. exf6 
B@h4+ 29. B@g3 P@f2+ 30. Qxf2 N@d3# 
{Gobi forfeits on time} 0-1

[Event "fics rated crazyhouse match"]
[Site "fics, Oklahoma City, OK USA"]
[Date "2000.02.20"]
[White "Thufir"]
[WhiteElo "2349"]
[Black "Gobi"]
[BlackElo "2331"]
[TimeControl "60+0"]
[Result "0-1"]

1. e4 Nc6 2. d4 Nf6 3. e5 Nd5 4. Nf3 e6 5. Be2 d6 6. O-O 
dxe5 7. Nxe5 Nxe5 8. dxe5 N@c6 9. c4 Ndb4 10. N@f3 P@d3 11. Bxd3 Nxd3 
12. P@e2 Ndxe5 13. Qxd8+ Kxd8 14. Nxe5 Nxe5 15. N@g5 B@c6 16. P@f3 h6 17. Q@d4+ 
P@d6 18. Bf4 hxg5 19. Bxe5 Bxf3 20. gxf3 N@h3+ 21. Kg2 N@h4+ 22. Qxh4 Rxh4 
23. B@g3 Nf4+ 24. Bgxf4 P@h3+ 25. Kh1 Q@g2# 
{Thufir checkmated} 0-1

[Event "fics rated crazyhouse match"]
[Site "fics, Oklahoma City, OK USA"]
[Date "2000.02.20"]
[White "Gobi"]
[WhiteElo "2339"]
[Black "Thufir"]
[BlackElo "2341"]
[TimeControl "60+0"]
[Result "1-0"]

1. e4 e6 2. Nc3 Nc6 3. Nf3 Bb4 4. Bc4 Nf6 5. Qe2 Qe7 6. e5 
Ng4 7. O-O d6 8. d4 dxe5 9. dxe5 Bxc3 10. bxc3 P@d5 11. Bb5 Bd7 
12. B@a3 Qd8 13. Bxc6 Bxc6 14. P@e7 Qd7 15. Nd4 Nxe5 16. Qxe5 B@d6 17. Qxg7 
N@g6 18. N@f6+ Kxe7 19. Nxd7 Kxd7 20. N@f6+ Ke7 21. Bxd6+ cxd6 22. Bg5 B@e5 
23. Nxd5+ Kd7 24. Q@c7+ Ke8 25. Qgxf7# 
{Thufir checkmated} 1-0

[Event "fics rated crazyhouse match"]
[Site "fics, Oklahoma City, OK USA"]
[Date "2000.02.20"]
[White "Thufir"]
[WhiteElo "2333"]
[Black "Gobi"]
[BlackElo "2347"]
[TimeControl "60+0"]
[Result "1-0"]

1. e4 e6 2. d4 b6 3. Nc3 Bb7 4. f3 Nf6 5. Be3 d5 6. e5 
Nfd7 7. Nh3 a6 8. Bd3 c5 9. O-O cxd4 10. Bxd4 P@c5 11. Bxc5 Bxc5+ 
12. P@f2 Nxe5 13. P@f4 Nxd3 14. cxd3 B@f5 15. N@h5 B@d4 16. Ne2 Bxh3 17. Nxd4 
Bxd4 18. gxh3 P@g6 19. Ng3 Nc6 20. B@g5 f6 21. Bh4 O-O 22. Qe2 Qd6 
23. B@d2 Rae8 24. Rab1 e5 25. fxe5 Bxe5 26. P@g2 P@f4 27. Ne4 dxe4 28. fxe4 
Nd4 29. Qg4 f3 30. P@f4 N@e2+ 31. Kh1 fxg2+ 32. Qxg2 P@f3 33. Qxf3 Nxf3 
34. P@g2 Ng3+ 35. hxg3 
{Gobi forfeits on time} 1-0

[Event "fics rated crazyhouse match"]
[Site "fics, Oklahoma City, OK USA"]
[Date "2000.02.20"]
[White "Gobi"]
[WhiteElo "2339"]
[Black "Thufir"]
[BlackElo "2341"]
[TimeControl "60+0"]
[Result "0-1"]

1. e4 e6 2. Nc3 Nc6 3. d4 Nf6 4. e5 Nd5 5. Nf3 d6 6. Ne4 
Be7 7. Bd3 dxe5 8. Nxe5 Nxd4 9. Qg4 P@g6 10. Nxf7 Kxf7 11. Ng5+ Bxg5 
12. Bxg5 P@f6 13. Qxd4 fxg5 14. N@e5+ Kf8 15. B@d2 B@f6 16. Bxg6 Bxe5 17. Qxe5 
hxg6 18. Bxg5 B@f6 19. Bxf6 Nxf6 20. B@b4+ B@d6 21. B@c5 N@f7 22. Qe3 Bxc5 
23. Bxc5+ B@d6 24. P@e5 Bxc5 25. Qxc5+ B@e7 26. Qc3 N@d5 27. Qg3 N@f5 28. Qxg6 
Nxe5 29. Qg5 P@f7 30. Qd2 Ne4 31. Qe2 Ndc3 32. bxc3 Nxc3 33. Kf1 P@d2 
34. N@g6+ Nxg6 35. P@h7 Nxe2 36. Rd1 Neg3+ 37. hxg3 Q@a6# 
{Gobi forfeits on time} 0-1

[Event "fics rated crazyhouse match"]
[Site "fics, Oklahoma City, OK USA"]
[Date "2000.02.20"]
[White "Thufir"]
[WhiteElo "2349"]
[Black "Gobi"]
[BlackElo "2331"]
[TimeControl "60+0"]
[Result "0-1"]

1. e4 Nc6 2. d4 Nf6 3. e5 Ne4 4. Bd3 d5 5. exd6 Nxd6 6. d5 
Nb4 7. P@c4 e6 8. Bd2 Nxd3+ 9. cxd3 B@f6 10. Nc3 B8e7 11. Nf3 P@g4 
12. N@h5 gxf3 13. Qxf3 N@c2+ 14. Kf1 Nxa1 15. Nxf6+ Bxf6 16. B@a4+ Kf8 17. dxe6 
Bxe6 18. g3 P@g4 19. Qe4 Nxe4 20. Nxe4 Qxd3+ 21. P@e2 Qxe2+ 22. Kxe2 Q@f3+ 
23. Ke1 N@d3+ 24. Kf1 P@g2+ 25. Kg1 R@f1# 
{Thufir checkmated} 0-1

[Event "fics rated crazyhouse match"]
[Site "fics, Oklahoma City, OK USA"]
[Date "2000.02.20"]
[White "Gobi"]
[WhiteElo "2339"]
[Black "Thufir"]
[BlackElo "2341"]
[TimeControl "60+0"]
[Result "0-1"]

1. e4 e6 2. Nc3 Nc6 3. d4 Nf6 4. e5 Nd5 5. Nf3 d6 6. Ne4 
dxe5 7. Nxe5 P@f6 8. Nxc6 bxc6 9. P@e5 fxe5 10. dxe5 P@f6 11. P@c4 fxe5 
12. cxd5 exd5 13. Ng5 P@f6 14. Nxf7 Kxf7 15. N@f3 Bd6 16. P@c4 P@e4 17. cxd5 
cxd5 18. Qxd5+ P@e6 19. Qxe4 Bd7 20. N@b7 Qe7 21. Nxd6+ cxd6 22. P@c6 N@c5 
23. cxd7 Nxe4 24. B@e8+ Rhxe8 25. dxe8=Q+ Rxe8 26. Bd3 B@a5+ 27. P@d2 Nxf2 28. O-O 
N@h3# 
{Gobi forfeits on time} 0-1

[Event "fics rated crazyhouse match"]
[Site "fics, Oklahoma City, OK USA"]
[Date "2000.02.20"]
[White "Thufir"]
[WhiteElo "2349"]
[Black "Gobi"]
[BlackElo "2331"]
[TimeControl "60+0"]
[Result "0-1"]

1. e4 e6 2. d4 b6 3. Nc3 Bb7 4. Bd3 Nf6 5. f3 d5 6. e5 
Nfd7 7. Bf4 a6 8. a4 Nc6 9. Nge2 Nb4 10. O-O c5 11. dxc5 Bxc5+ 
12. P@d4 Be7 13. Qd2 P@c4 14. Bxh7 Rxh7 15. P@d6 Bh4 16. g3 B@d3 17. cxd3 
cxd3 18. Nc1 P@e2 19. Re1 Nc2 20. gxh4 Nxe1 21. B@h3 Qxh4 22. B@g3 Qxh3 
23. Qxe2 dxe2 24. Kf2 B@g1+ 25. Kxe2 Q@c2+ 26. P@d2 Nxf3 27. P@f2 R@e1+ 28. Kxf3 
P@g4# 
{Thufir checkmated} 0-1

[Event "fics rated crazyhouse match"]
[Site "fics, Oklahoma City, OK USA"]
[Date "2000.02.20"]
[White "Gobi"]
[WhiteElo "2339"]
[Black "Thufir"]
[BlackElo "2341"]
[TimeControl "60+0"]
[Result "0-1"]

1. e4 e6 2. d4 Nc6 3. Nc3 Nf6 4. Bg5 Be7 5. Bd3 d6 6. Nf3 
O-O 7. O-O Ng4 8. Bxe7 Qxe7 9. B@h4 f6 10. d5 exd5 11. Nxd5 Qf7 
12. P@f5 P@e6 13. fxe6 Bxe6 14. P@f5 Bxd5 15. exd5 P@d7 16. B@e6 dxe6 17. dxe6 
Qe7 18. P@f7+ Kh8 19. Bb5 N@e5 20. Bxc6 bxc6 21. Nxe5 Nxe5 22. Re1 B@g4 
23. Qd4 Bxf5 24. Rxe5 fxe5 25. Bxe7 exd4 26. Q@h5 N@e2+ 27. Qxe2 Bxe6 28. Qxe6 
R@g6 29. Bxf8 Rxg2+ 30. Kxg2 P@f3+ 31. Kxf3 B@d5+ 32. Qxd5 Q@h3+ 33. Ke2 B@f3+ 
34. Kd2 P@c3+ 35. bxc3 dxc3+ 36. Kc1 P@b2+ 37. Kb1 bxa1=Q+ 38. Kxa1 P@b2+ 39. Kb1 
R@a1# 
{Gobi checkmated} 0-1

[Event "fics rated crazyhouse match"]
[Site "fics, Oklahoma City, OK USA"]
[Date "2000.02.20"]
[White "Thufir"]
[WhiteElo "2349"]
[Black "Gobi"]
[BlackElo "2331"]
[TimeControl "60+0"]
[Result "1-0"]

1. e4 e6 2. d4 b6 3. f3 Bb7 4. Be3 Nf6 5. Nc3 Bb4 6. Bd3 
d5 7. e5 Nh5 8. Nh3 Qh4+ 9. Bf2 Qe7 10. O-O Nd7 11. f4 Bxc3 
12. bxc3 Ndf6 13. exf6 Nxf6 14. B@g5 P@e4 15. Be2 O-O-O 16. Bxf6 gxf6 17. N@a6 
Rhg8 18. Bg3 N@e3 19. Qd2 Nxf1 20. Rxf1 R@a5 21. Nb4 Qd7 22. N@h5 Rg6 
23. N@h4 Rh6 24. Bg4 f5 25. Be2 B@g4 26. Bxg4 fxg4 27. Nf2 Rxh5 28. Nxg4 
e3 29. Qxe3 N@c4 30. Qe2 B@d6 31. P@e5 Bxb4 32. cxb4 Rxa2 33. Nf6 Rxh4 
34. Bxh4 P@e3 35. Nxd7 N@c3 36. Q@b8+ Kxd7 37. Qxc4 
{Gobi forfeits on time} 1-0

[Event "fics rated crazyhouse match"]
[Site "fics, Oklahoma City, OK USA"]
[Date "2000.02.20"]
[White "Gobi"]
[WhiteElo "2323"]
[Black "Thufir"]
[BlackElo "2357"]
[TimeControl "60+0"]
[Result "1-0"]

1. d4 e6 2. Nc3 Nc6 3. Bf4 Nf6 4. Nb5 d6 5. Nf3 Nd5 6. Bg3 
Be7 7. e4 Nf6 8. Bd3 O-O 9. e5 Ng4 10. exd6 cxd6 11. Nxd6 Bxd6 
12. Bxd6 Qxd6 13. B@c5 B@b5 14. Bxd6 Bxd3 15. Qxd3 N@b4 16. Qd2 B@h6 17. P@g5 
Bxg5 18. Qxg5 Nf6 19. Qxg7+ Kxg7 20. P@h6+ Kxh6 21. Q@g5# 
{Thufir checkmated} 1-0

[Event "fics rated crazyhouse match"]
[Site "fics, Oklahoma City, OK USA"]
[Date "2000.02.20"]
[White "Thufir"]
[WhiteElo "2348"]
[Black "Gobi"]
[BlackElo "2332"]
[TimeControl "60+0"]
[Result "1-0"]

1. e4 e6 2. d4 b6 3. Nc3 Bb7 4. f3 Nf6 5. Bd3 d5 6. e5 
Nfd7 7. Be3 a6 8. Nh3 c5 9. dxc5 Bxc5 10. Bxc5 Nxc5 11. B@d6 P@e7 
12. P@c7 Qc8 13. cxb8=Q Rxb8 14. Bxb8 Qxb8 15. O-O Qxe5 16. N@g4 B@d4+ 17. Kh1 
Qd6 18. Ne2 Bxb2 19. Rb1 P@a3 20. R@b3 Nxb3 21. cxb3 h5 22. Ngf2 P@g4 
23. fxg4 hxg4 24. Nxg4 d4 25. P@e4 P@f5 26. P@e5 Qc7 27. Ngf2 P@e3 28. exf5 
exf2 29. Rxf2 Rxh3 30. P@d6 exd6 31. exd6 Qxd6 32. P@f4 N@g4 33. Qg1 P@e3 
34. Rf3 Rxf3 35. N@f6+ gxf6 36. gxf3 N@f2+ 37. Kg2 B@h3+ 38. Kg3 Ne5 39. R@g8# 
{Gobi forfeits on time} 1-0

[Event "fics rated crazyhouse match"]
[Site "fics, Oklahoma City, OK USA"]
[Date "2000.02.20"]
[White "Gobi"]
[WhiteElo "2324"]
[Black "Thufir"]
[BlackElo "2356"]
[TimeControl "60+0"]
[Result "0-1"]

1. e4 e6 2. Nc3 Nc6 3. Nf3 Nf6 4. e5 Nd5 5. Nxd5 exd5 6. d4 
d6 7. N@f4 Bg4 8. Be2 dxe5 9. Nxe5 Nxe5 10. dxe5 Bxe2 11. Qxe2 P@e6 
12. P@h6 B@g5 13. Nxe6 fxe6 14. Bxg5 Qxg5 15. N@d4 B@d7 16. hxg7 Bxg7 17. B@f6 
Bxf6 18. exf6 Qxf6 19. B@e5 P@d2+ 20. Kxd2 N@c4+ 21. Qxc4 Qxe5 22. Nf3 B@g5+ 
23. P@e3 N@e4+ 24. Qxe4 Qxe4 25. B@f7+ Ke7 26. Nxg5 N@c4+ 27. Ke1 Q@d2+ 28. Kf1 
Nxe3+ 29. Kg1 Qxg2# 
{Gobi checkmated} 0-1

[Event "fics rated crazyhouse match"]
[Site "fics, Oklahoma City, OK USA"]
[Date "2000.02.20"]
[White "Thufir"]
[WhiteElo "2363"]
[Black "Gobi"]
[BlackElo "2317"]
[TimeControl "60+0"]
[Result "1-0"]

1. e4 Nc6 2. d4 e6 3. Nf3 Nf6 4. Nc3 Bb4 5. e5 Ne4 6. Bd3 
Nxc3 7. bxc3 Bxc3+ 8. Bd2 Bxd4 9. Nxd4 Nxd4 10. Qg4 N@f5 11. N@h5 P@g6 
12. Nxg7+ Nxg7 13. Qxd4 N@f5 14. Bxf5 Nxf5 15. N@f6+ Kf8 16. P@g7+ Kxg7 17. B@h6+ 
Nxh6 18. Bxh6+ Kxh6 19. Qh4+ N@h5 20. N@g4+ Kg7 21. Nxh5+ gxh5 22. Qxd8 B@c3+ 
23. Kf1 N@d2+ 24. Ke2 B@c4+ 25. N@d3 Bxd3+ 26. cxd3 N@f4+ 27. Kd1 B@a4+ 28. B@b3 
P@e2+ 29. Kc2 Bxb3+ 30. axb3 B@g5 31. B@f6+ Kg6 32. Q@g7+ Kf5 33. N@g3# 
{Gobi forfeits on time} 1-0

[Event "fics rated crazyhouse match"]
[Site "fics, Oklahoma City, OK USA"]
[Date "2000.02.20"]
[White "Gobi"]
[WhiteElo "2310"]
[Black "Thufir"]
[BlackElo "2370"]
[TimeControl "60+0"]
[Result "1-0"]

1. e4 e6 2. Nc3 Nc6 3. Nf3 Bb4 4. Bb5 Nf6 5. Qe2 d6 6. O-O 
Bd7 7. d4 Rg8 8. d5 Ne5 9. Nxe5 dxe5 10. Rd1 exd5 11. Nxd5 Nxd5 
12. Rxd5 N@d4 13. Rxe5+ P@e6 14. Bxd7+ Qxd7 15. Qd3 N@e2+ 16. Kh1 B@d6 17. Rh5 
O-O-O 18. Be3 Bdc5 19. a3 Bxa3 20. bxa3 P@b2 21. Re1 Bb6 22. P@a6 bxa6 
23. B@a8 c6 24. Qxa6+ P@b7 25. Bxb7+ Qxb7 26. Qxb7+ Kxb7 27. N@a5+ Kc8 28. Q@b7# 
{Thufir checkmated} 1-0

[Event "fics rated crazyhouse match"]
[Site "fics, Oklahoma City, OK USA"]
[Date "2000.02.20"]
[White "Thufir"]
[WhiteElo "2361"]
[Black "Gobi"]
[BlackElo "2319"]
[TimeControl "60+0"]
[Result "1-0"]

1. e4 Nc6 2. Nc3 Nf6 3. d4 e6 4. e5 Nd5 5. Nf3 d6 6. exd6 
Bxd6 7. Bd3 P@g4 8. Ng5 Nxd4 9. Qxg4 Be5 10. Nxd5 exd5 11. P@e6 Nxe6 
12. Nxe6 Bxe6 13. P@f5 Bd7 14. N@h5 P@g6 15. Nxg7+ Bxg7 16. Qe2+ P@e4 17. P@h6 
Be5 18. N@g7+ Bxg7 19. hxg7 Rg8 20. B@f8 Bxf5 21. Bb5+ P@c6 22. Ba4 N@d4 
23. Be3 Nxe2 24. Kxe2 N@d4+ 25. Kd1 Q@e2+ 26. Kc1 Qg5 
{Gobi resigns} 1-0

[Event "fics rated crazyhouse match"]
[Site "fics, Oklahoma City, OK USA"]
[Date "2000.02.20"]
[White "Gobi"]
[WhiteElo "2312"]
[Black "Thufir"]
[BlackElo "2368"]
[TimeControl "60+0"]
[Result "1-0"]

1. e4 e6 2. d4 Nc6 3. d5 exd5 4. exd5 Qe7+ 5. Be2 Ne5 6. Nc3 
d6 7. Be3 Nf6 8. Qd2 P@g4 9. Bd4 Ng6 10. O-O-O Bf5 11. Re1 Ne5 
12. Bb5+ c6 13. Bxe5 cxb5 14. Bxf6 gxf6 15. N@c7+ Kd8 16. N7xb5 B@e5 17. P@c7+ 
Ke8 18. P@c6 bxc6 19. dxc6 B@a6 20. P@b7 Rc8 21. bxc8=Q+ Baxc8 22. Nxd6+ Qxd6 
23. R@d8+ Qxd8 24. cxd8=Q# 
{Thufir checkmated} 1-0

[Event "fics rated crazyhouse match"]
[Site "fics, Oklahoma City, OK USA"]
[Date "2000.02.20"]
[White "Thufir"]
[WhiteElo "2359"]
[Black "Gobi"]
[BlackElo "2321"]
[TimeControl "60+0"]
[Result "1-0"]

1. e4 Nc6 2. d4 Nf6 3. e5 Ne4 4. Nc3 d5 5. exd6 Nxd6 6. Nf3 
Bf5 7. d5 Nb4 8. P@d3 e6 9. dxe6 Bxe6 10. a3 Nd5 11. Nxd5 Bxd5 
12. P@e4 Be6 13. Be2 Be7 14. N@h5 Rg8 15. e5 Nf5 16. Bf4 N@d5 17. Bd2 
P@g6 18. Ng3 P@g4 19. Ng1 Nh4 20. Bxg4 Nxg2+ 21. Kf1 Nh4 22. P@g2 Bxg4 
23. Qxg4 B@e6 24. Qe2 P@d4 25. B@e4 Qd7 26. Nf3 O-O-O 27. Nxh4 Bxh4 28. Bxd5 
Bxd5 29. N@e4 B@h3 30. N@c5 Bxg2+ 31. Kxg2 P@h3+ 32. Kf1 Bxe4 33. Ngxe4 
{Gobi forfeits on time} 1-0

[Event "fics rated crazyhouse match"]
[Site "fics, Oklahoma City, OK USA"]
[Date "2000.02.20"]
[White "Gobi"]
[WhiteElo "2314"]
[Black "Thufir"]
[BlackElo "2366"]
[TimeControl "60+0"]
[Result "0-1"]

1. e4 e6 2. Nc3 d6 3. Nf3 Nf6 4. d4 Be7 5. Bd3 Nc6 6. Be3 
O-O 7. Qd2 Ng4 8. O-O e5 9. d5 Nb4 10. Be2 c6 11. a3 cxd5 
12. exd5 Nxc2 13. Qxc2 P@d4 14. Nxd4 exd4 15. Bxd4 P@e5 16. Be3 Bf6 17. N@f5 
Bxf5 18. Qxf5 N@h6 19. Qh5 Nxe3 20. fxe3 B@g6 21. Qh3 N@g5 22. Qg3 Nf5 
23. Qf2 e4 24. B@f4 Bxc3 25. bxc3 N@d3 26. Bxd3 exd3 27. B@h4 Nxh4 28. Qxh4 
B@f6 29. Qg3 Ne4 30. Qf3 B@f5 31. P@g4 Nd2 32. gxf5 Nxf3+ 33. Rxf3 Bxf5 
34. B@h5 P@g6 35. P@g4 gxh5 36. gxf5 B@g4 37. Rg3 Bxf5 38. N@h6+ Kh8 39. Nxf5 
P@g6 40. P@h6 gxf5 41. Rxg7 N@e2+ 42. Kh1 Nxf4 43. exf4 B@f2 44. Rxh7+ Kxh7 
45. P@g7 Rg8 46. N@g5+ Bxg5 47. fxg5 Qxg5 48. N@f3 Qxh6 49. N@g5+ Kxg7 50. B@e6 
fxe6 
{Gobi forfeits on time} 0-1

[Event "fics rated crazyhouse match"]
[Site "fics, Oklahoma City, OK USA"]
[Date "2000.02.20"]
[White "Thufir"]
[WhiteElo "2373"]
[Black "Gobi"]
[BlackElo "2307"]
[TimeControl "60+0"]
[Result "0-1"]

1. e4 e5 2. Nf3 Nc6 3. Bc4 Bc5 4. Nc3 Nf6 5. d3 O-O 6. Bg5 
d6 7. Nd5 Nxd5 8. Bxd8 Nf4 9. Bg5 Nxg2+ 10. Kd2 Bg4 11. Rg1 P@h3 
12. Kc1 Bxf3 13. Qxf3 Nd4 14. Qd1 N@e2+ 15. Kb1 N@c3+ 16. bxc3 Nxc3+ 17. Kc1 
P@b2+ 18. Kd2 Nxd1 19. Raxd1 Q@e2+ 20. Kc3 Qxc2# 
{Thufir checkmated} 0-1

[Event "fics rated crazyhouse match"]
[Site "fics, Oklahoma City, OK USA"]
[Date "2000.02.20"]
[White "Gobi"]
[WhiteElo "2316"]
[Black "Thufir"]
[BlackElo "2364"]
[TimeControl "60+0"]
[Result "0-1"]

1. e4 e6 2. d4 Nc6 3. Nc3 Bb4 4. Nf3 Nf6 5. Bd3 d5 6. e5 
Ne4 7. O-O Bxc3 8. bxc3 Nxc3 9. Qe1 P@e4 10. Qxc3 exf3 11. gxf3 N@h3+ 
12. Kh1 Nxe5 13. dxe5 P@e4 14. P@g2 exf3 15. gxf3 d4 16. B@a4+ Bd7 17. Qxd4 
Bxa4 18. Qxa4+ B@c6 19. B@b5 Bxb5 20. Bxb5+ c6 21. N@d6+ Kf8 22. P@g2 cxb5 
23. Nxb5 B@c6 24. Ba3+ P@e7 25. P@d6 Kg8 26. dxe7 Qe8 27. N@g4 B@f5 28. gxh3 
Bxf3+ 29. P@g2 Bxg2+ 30. Kxg2 Bxg4 31. Qxg4 P@f3+ 32. Kxf3 N@d2+ 33. Kg3 N@e4+ 
34. Kg2 P@f3+ 35. Kh1 g6 36. N@h6+ Kg7 37. P@f6+ Nxf6 38. exf6+ Kxf6 39. B@g5+ 
Ke5 40. B@f6+ Kd5 
{Gobi forfeits on time} 0-1

[Event "fics rated crazyhouse match"]
[Site "fics, Oklahoma City, OK USA"]
[Date "2000.02.20"]
[White "Thufir"]
[WhiteElo "2371"]
[Black "Gobi"]
[BlackElo "2309"]
[TimeControl "60+0"]
[Result "1-0"]

1. e4 e5 2. Bc4 Nc6 3. Nc3 Nf6 4. Nf3 Bc5 5. d3 d6 6. Bg5 
Be6 7. Bxe6 fxe6 8. B@b3 Qe7 9. O-O O-O 10. Be3 Bxe3 11. fxe3 B@h5 
12. B@h4 Rae8 13. Qe2 Kh8 14. Bxf6 Rxf6 15. N@g3 Bxf3 16. gxf3 N@h3+ 17. Kh1 
B@f4 18. exf4 Nxf4 19. B@g2 Nxe2 20. Ncxe2 B@b6 21. B@h4 P@f4 22. Bxf6 Qxf6 
23. N@g4 fxg3 24. hxg3 Qg5 25. P@h4 Qd2 26. R@h5 Qxe2 27. Rae1 Qxe1 28. Rxe1 
N@f2+ 29. Nxf2 B@g6 30. N@g4 Bxf2 31. Nxf2 Bxh5 32. B@d7 N@e3 33. Bxe8 Bxe8 
34. R@f8+ R@g8 35. Rxg8+ Kxg8 36. R@h8# 
{Gobi forfeits on time} 1-0

[Event "fics rated crazyhouse match"]
[Site "fics, Oklahoma City, OK USA"]
[Date "2000.02.20"]
[White "Gobi"]
[WhiteElo "2302"]
[Black "Thufir"]
[BlackElo "2378"]
[TimeControl "60+0"]
[Result "0-1"]

1. e4 e6 2. Nc3 Nc6 3. Nf3 Nf6 4. Bb5 Bb4 5. O-O Bxc3 6. bxc3 
Nxe4 7. Qe2 Nf6 8. d3 P@g4 9. Ng5 O-O 10. Bb2 e5 11. B@g3 d6 
12. Rfe1 a6 13. Bxc6 bxc6 14. c4 B@b6 15. N@b4 Bd7 16. Bbxe5 dxe5 17. Bxe5 
B@d4 18. Bxd4 Bxd4 19. B@e5 N@c3 20. Bxd4 Nxe2+ 21. Rxe2 B@f3 22. P@e7 Qxe7 
23. Rxe7 Bxg2 24. N@h6+ gxh6 25. Q@h8+ Kxh8 26. Bxf6+ P@g7 27. Bxg7+ Kxg7 28. N@h5+ 
Kg6 29. Nf4+ Kxg5 30. P@h4+ Kf6 
{Gobi forfeits on time} 0-1

[Event "fics rated crazyhouse match"]
[Site "fics, Oklahoma City, OK USA"]
[Date "2000.02.20"]
[White "Thufir"]
[WhiteElo "2384"]
[Black "Gobi"]
[BlackElo "2296"]
[TimeControl "60+0"]
[Result "1-0"]

1. e4 Nc6 2. Nc3 e6 3. d4 Nf6 4. e5 Nd5 5. Nf3 d6 6. exd6 
cxd6 7. Bd3 Be7 8. O-O P@g4 9. Ne1 Nxd4 10. Qxg4 Nxc3 11. bxc3 e5 
12. Qxg7 Bf6 13. Qxh8+ Bxh8 14. R@g8+ Kd7 15. Rxd8+ Kxd8 16. Q@h4+ P@e7 17. c4 
R@g7 18. P@g3 N@f5 19. Bxf5 Bxf5 20. Bg5 f6 21. P@c7+ Kxc7 22. N@d5+ Kc8 
23. Bxf6 exf6 24. N@e7+ Kd7 25. Nxf5 
{Gobi forfeits on time} 1-0

[Event "fics rated crazyhouse match"]
[Site "fics, Oklahoma City, OK USA"]
[Date "2000.02.20"]
[White "Gobi"]
[WhiteElo "2290"]
[Black "Thufir"]
[BlackElo "2390"]
[TimeControl "60+0"]
[Result "0-1"]

1. e4 e6 2. Nc3 Nc6 3. d4 Nf6 4. e5 Nd5 5. Nf3 d6 6. Bd2 
Be7 7. Ne4 dxe5 8. dxe5 P@g4 9. P@b5 gxf3 10. bxc6 bxc6 11. Qxf3 P@f5 
12. P@f6 N@d4 13. Qd1 fxe4 14. fxg7 Rg8 15. Bh6 N@f3+ 16. gxf3 Nxf3+ 17. Qxf3 
exf3 18. Rg1 P@e2 19. Bxe2 fxe2 20. N@d4 Ba6 21. P@d3 B@f1 22. Nxc6 Bb4+ 
23. Nxb4 Nxb4 24. B@a4+ N@d7 25. P@c6 Nxe5 26. N@d7 P@d2# 
{Gobi forfeits on time} 0-1

[Event "fics rated crazyhouse match"]
[Site "fics, Oklahoma City, OK USA"]
[Date "2000.02.20"]
[White "Thufir"]
[WhiteElo "2396"]
[Black "Gobi"]
[BlackElo "2284"]
[TimeControl "60+0"]
[Result "1-0"]

1. e4 e6 2. Nc3 d5 3. exd5 exd5 4. d4 Nf6 5. Bb5+ Nc6 6. Qe2+ 
Qe7 7. P@e5 Bg4 8. f3 P@b4 9. exf6 Qxe2+ 10. Ncxe2 Bd7 11. fxg7 Bxg7 
12. N@h5 Q@h4+ 13. Neg3 Rg8 14. Bxc6 Bxc6 15. Q@e2+ P@e6 16. Nxg7+ Rxg7 17. N@h5 
Rg6 18. B@f6 Rxf6 19. Nxf6+ Qxf6 20. P@e5 Qg6 21. Nh3 N@c3 22. bxc3 bxc3 
23. N@f6+ Kd8 24. Bg5 P@d2+ 25. Kf1 B@e7 26. R@g8+ Qxg8 27. Nxg8 Bxg5 28. Nxg5 
R@c1+ 29. B@d1 Rxa1 30. Nxf7+ Ke8 31. Q@e7# 
{Gobi checkmated} 1-0

[Event "fics rated crazyhouse match"]
[Site "fics, Oklahoma City, OK USA"]
[Date "2000.02.20"]
[White "Gobi"]
[WhiteElo "2278"]
[Black "Thufir"]
[BlackElo "2402"]
[TimeControl "180+0"]
[Result "0-1"]

1. e4 e6 2. d4 Nf6 3. Bd3 Nc6 4. c3 d6 5. Nf3 Be7 6. O-O 
O-O 7. Nbd2 e5 8. d5 Nb8 9. h3 c6 10. c4 cxd5 11. cxd5 P@g4 
12. hxg4 Bxg4 13. P@h3 Bh5 14. P@e6 fxe6 15. dxe6 P@f4 16. P@f7+ Kh8 17. Nc4 
Nc6 18. Re1 Nd4 19. Nxd4 Bxd1 20. Nf5 Bh5 21. Nxe5 dxe5 22. Bxf4 exf4 
23. P@h6 N@f3+ 24. gxf3 Q@g6+ 25. N@g4 Nxg4 26. hxg4 Bxg4 27. hxg7+ Qxg7 28. Nxg7 
P@h2+ 29. Kxh2 Bxf3 30. Nh5 N@g4# 
{Gobi resigns} 0-1

[Event "fics rated crazyhouse match"]
[Site "fics, Oklahoma City, OK USA"]
[Date "2000.02.20"]
[White "Thufir"]
[WhiteElo "2407"]
[Black "Gobi"]
[BlackElo "2273"]
[TimeControl "180+0"]
[Result "0-1"]

1. e4 e5 2. Nf3 Nc6 3. Bc4 Bc5 4. Nc3 Nf6 5. d3 d6 6. Bg5 
Be6 7. Nd5 Rg8 8. Nxf6+ gxf6 9. Bxe6 fxe6 10. N@h6 Rg7 11. B@h8 B@f8 
12. Bxg7 Bxg7 13. R@g8+ B@f8 14. Bd2 Qd7 15. O-O Ne7 16. Rxf8+ Kxf8 17. B@h3 
R@g6 18. Ng4 h5 19. Ne3 N@f4 20. Kh1 Nxh3 21. gxh3 Bxe3 22. fxe3 B@g2+ 
23. Kg1 Bxf3+ 24. B@g3 Bxd1 25. Raxd1 N@e2+ 26. Kf2 Nxg3 27. hxg3 Rxg3 28. N@h7+ 
Kg8 29. Kxg3 P@h4+ 30. Kf3 B@g2+ 31. Ke2 N@g3+ 32. Kf2 Q@e2+ 33. Kg1 Bxh3 
34. B@f2 Nxf1 35. R@g2 Kh8 36. Rxf1 P@h2+ 37. Kxh2 Qxf1 38. N@g1 Qxg2# 
{Thufir checkmated} 0-1

[Event "fics rated crazyhouse match"]
[Site "fics, Oklahoma City, OK USA"]
[Date "2001.02.20"]
[White "Burgsvik"]
[WhiteElo "2220"]
[Black "RFrancisco"]
[BlackElo "2372"]
[TimeControl "120+0"]
[Result "1-0"]

1. e3 e6 2. b3 f5 3. Bb2 Nf6 4. d4 Be7 5. c4 O-O 6. Bd3 
d6 7. Nd2 Nc6 8. Ne2 e5 9. d5 Nb4 10. Bb1 f4 11. exf4 exf4 
12. Nxf4 P@e5 13. Ne2 Ng4 14. O-O Nxd5 15. cxd5 P@e3 16. Ne4 exf2+ 17. Nxf2 
Nxf2 18. Rxf2 Rxf2 19. Kxf2 Bh4+ 20. P@g3 Qf6+ 21. R@f3 N@g4+ 22. Kg1 P@f2+ 
23. Kf1 Nxh2+ 24. Kxf2 Ng4+ 25. Ke1 Bxg3+ 26. Nxg3 P@f2+ 27. Kd2 Qg5+ 28. B@e3 
Nxe3 29. P@f7+ Kf8 30. N@g6+ Qxg6 31. Bxg6 f1=N+ 32. Nxf1 Nxf1+ 33. Qxf1 B@g5+ 
34. P@f4 R@d4+ 35. Bxd4 
{RFrancisco resigns} 1-0

[Event "fics rated crazyhouse match"]
[Site "fics, Oklahoma City, OK USA"]
[Date "2001.02.20"]
[White "Burgsvik"]
[WhiteElo "2226"]
[Black "RFrancisco"]
[BlackElo "2366"]
[TimeControl "120+0"]
[Result "0-1"]

1. e3 e5 2. b3 Nc6 3. Bb2 Nf6 4. Nf3 d6 5. Bb5 Be7 6. d4 
exd4 7. exd4 O-O 8. O-O P@h3 9. gxh3 Bxh3 10. P@g2 Bxg2 11. Kxg2 P@g4 
12. Bxc6 bxc6 13. Ng5 Nd5 14. Nxh7 B@f3+ 15. Qxf3 gxf3+ 16. Kxf3 Q@h5+ 17. B@g4 
Qxh7 18. B@f5 P@g6 19. N@b7 gxf5 20. Nxd8 fxg4+ 21. Ke2 B@f3+ 22. Kd2 Raxd8 
23. P@e3 N@e4+ 24. Kc1 N@e2+ 25. Kd1 Ndc3+ 26. Bxc3 N2xc3+ 27. Kc1 Nxb1 28. Rxb1 
B@a3+ 29. P@b2 N@e2+ 30. Kd1 N2c3+ 31. Kc1 B@d2# 
{Burgsvik checkmated} 0-1